AoeStats
← SamDT

Arabia

508381393Analyzed
1v1 RM · 11d ago on Sep 22, 2026· 31m 4s· 2 players
Game mode
Random Map
Map size
Tiny (2 player)
Population
200
Speed
Normal
Resources
Standard
Victory
Conquest
Starting age
Dark Age
Ending age
Imperial Age
RankedLock teamsTeams togetherTeam positionsShared explorationLock speedFull tech treeHidden civsTurbo modeCheats
Victory
Defeat
🇳🇿 Turks · New Zealand
724
+20
🇺🇸 Britons · United States
823
-20
SamDT
5:26 Loom
13:43 Feudal Age
14:28 Double-Bit Axe
18:58 Castle Age
16:57 Gold Mining
23:55 Imperial Age
23:29 Fletching
Dov413
9:57 Feudal Age
11:18 Wheelbarrow
10:30 Double-Bit Axe
10:28 Horse Collar
11:59 Gold Mining
18:07 Castle Age
17:41 Fletching
17:51 Padded Archer Armor
19:07 Bow Saw
20:04 Heavy Plow
20:40 Pikeman
22:23 Stone Mining
22:57 Hand Cart
24:11 Gold Shaft Mining
24:27 Crossbowman
27:37 Bodkin Arrow
27:57 Leather Archer Armor
Connection lost

Rejoining the realm…

Still unreachable

The connection could not be restored.

Session expired

The server has moved on; the page needs a fresh start.